 Dungeon Crawl Stone Soup version 0.30.0-29-ga12c61a403 (webtiles) character file.

Game seed: 11605872687559203517

583 seaoflcl the Chopper (level 7, -7/61 HPs)
             Began as a Minotaur Fighter on June 14, 2023.
             Killed by divine providence
             ... invoked by an orc priest
              (12 damage)
             ... on level 5 of the Dungeon.
             The game lasted 00:04:53 (3328 turns).

seaoflcl the Chopper (Minotaur Fighter)             Turns: 3328, Time: 00:04:54

Health: -7/61      AC: 12    Str: 22    XL:     7   Next: 14%
Magic:  6/6        EV:  6    Int:  5    God:
Gold:   484        SH:  0    Dex: 10    Spells: 6/6 levels left

rFire   . . .        a - +0 war axe
rCold   . . .        c - +0 buckler
rNeg    + . .        B - +0 plate armour
rPois   .            (helmet restricted)
rElec   .            (no cloak)
rCorr   .            (no gloves)
SInv    .            (no boots)
Will    .....        (no amulet) Stlth
                     q - ring of positive energy
HPRegen 0.30/turn    (no ring)
MPRegen 0.10/turn

%: no passive effects
@: confused
A: horns 2, retaliatory headbutt
a: no special abilities


You were on level 5 of the Dungeon.
You visited 1 branch of the dungeon, and saw 5 of its levels.
You also visited: Ossuary.

You collected 484 gold pieces.

Inventory:

Hand Weapons
 a - a +0 war axe (weapon)
 j - a +0 mace of protection
 x - a +0 heavy triple sword
Missiles
 g - 7 boomerangs (quivered)
 k - 15 poisoned darts
 m - 3 throwing nets
Armour
 c - a +0 buckler (worn)
 B - a +0 plate armour (worn)
Jewellery
 q - a ring of positive energy (left hand)
 s - the amulet of Elemental Vulnerability {rPois rF-- rC-- AC+8}
   (You found it on level 3 of the Dungeon)

   [amulet of nothing]

   AC:        It affects your AC (+8).
   rF:        It makes you very vulnerable to fire.
   rC:        It makes you very vulnerable to cold.
   rPois:     It protects you from poison.
Wands
 n - a wand of iceblast (11)
 A - a wand of paralysis (3)
Scrolls
 f - 2 scrolls of identify {unknown}
 h - a scroll of teleportation {unknown}
 l - 4 scrolls of poison {unknown}
 v - a scroll of enchant weapon {unknown}
 w - a scroll of noise {unknown}
 y - a scroll of brand weapon {unknown}
 z - a scroll of silence {unknown}
Potions
 d - a potion of might
 e - a potion of flight {unknown}
 i - 3 potions of curing {unknown}
 o - a potion of cancellation {unknown}
 p - a potion of berserk rage {unknown}
 r - a potion of magic {unknown}
 u - a potion of mutation {unknown}


   Skills:
 + Level 5.1 Fighting
 * Level 5.5 Axes
 + Level 2.2 Throwing
 + Level 5.1 Armour
 + Level 5.1 Shields
 + Level 2.1 Evocations


You had 6 spell levels left.
You didn't know any spells.
Your spell library contained the following spells:

 Spells                   Type           Power      Damage    Failure   Level
 Slow                     Hex            0%         N/A       100%        1
 Inner Flame              Hex/Fire       0%         N/A       100%        3
 Vhi's Electric Charge    Tloc/Air       0%         N/A       100%        3
 Cause Fear               Hex            0%         N/A       100%        4
 Yara's Violent Unravell  Hex/Tmut       0%         3d3       100%        5
 Enfeeble                 Hex            0%         N/A       100%        7
 Storm Form               Tmut/Air       0%         N/A       100%        7


Dungeon Overview and Level Annotations

Branches:
Dungeon (5/15)            Ossuary (visited)
 Temple: D:4-7

Altars:
Nemelex Xobeh
Wu Jian

Annotations:
D:5 Menkaure


Innate Abilities, Weirdness & Mutations

You have a pair of horns on your head.
You reflexively headbutt those who attack you in melee.


Message History

The jackal bites you but does no damage.
The orc wizard hits you but does no damage.
The orc barely misses you.
The jackal bites you but does no damage.
You barely miss the orc wizard. You closely miss the orc.
You barely miss the jackal. The orc hits you with a +0 hand axe.
You block the orc wizard's attack. The jackal bites you.
You closely miss the orc wizard. Your headbutt misses the orc wizard.
You hit the orc but do no damage. You slash the jackal!
You kill the jackal!
The orc wizard casts a spell at you.
You are confused.
Menkaure calls on the powers of darkness!
The jackal convulses!
The orc wizard convulses!
The orc priest convulses!
Your body is wracked with pain!
The orc priest convulses!
The orc barely misses you. The orc wizard closely misses you.
The orc priest hits you with a +0 short sword.
You're too confused to move!
The orc wizard barely misses you.
The orc priest hits you but does no damage.
The orc hits you but does no damage.
You bump into the stone wall.
The orc priest hits you but does no damage.
The orc completely misses you. The orc wizard casts a spell at you.
The magic dart hits you.
You bump into the stone wall.
The orc priest hits you but does no damage.
The orc hits you but does no damage.
The orc priest invokes the aid of Beogh against you.
Beogh smites you!
* * * LOW HITPOINT WARNING * * *
The orc wizard hits you but does no damage.
The orc wizard attacks as you move away!
The orc wizard hits you but does no damage.
The orc wizard points at you and mumbles some strange words.
You resist with some effort. The orc hits you but does no damage.
You bump into the stone wall.
The orc priest invokes the aid of Beogh against you.
Beogh smites you!
You die...

#.#.# #.#.#####
##.#.#.[.######
....#..##.....
..####............
.........#hh...≈≈.
#...#o$M..≈≈.
##.#oo# ...
##.#####<#o@##.....
.........#.$...._..
########.#...?.....
#.#...♣♣....
#..#..♣ .## ##.#...
# #..[... ######.
##


You could see 2 orc priests, an orc wizard, an orc and 2 jackals.

Vanquished Creatures
  A centaur (D:4)
  A scorpion (D:4)
  A centaur zombie (Ossuary)
  2 orc priests (D:3)
  A gnoll bouda (D:4)
  3 orc wizards
  2 mummies (Ossuary)
  6 adders
  4 gnolls (D:3)
  2 dart slugs
  A worm (D:2)
  15 orcs
  9 endoplasms
  5 giant cockroaches
  5 gnoll zombies (Ossuary)
  4 goblins
  9 hobgoblins
  6 jackals
  4 kobolds
  6 quokkas
  8 ball pythons
  4 bats
  7 frilled lizards
  4 hobgoblin zombies (Ossuary)
  4 orc zombies (Ossuary)
  3 rats
117 creatures vanquished.

Vanquished Creatures (others)
  A frilled lizard (D:1)
1 creature vanquished.

Grand Total: 118 creatures vanquished

Notes
Turn   | Place    | Note
-------+----------+-------------------------------------------
     0 | D:1      | seaoflcl the Minotaur Fighter began the quest for the Orb.
     0 | D:1      | Reached XP level 1. HP: 19/19 MP: 0/0
   100 | D:1      | Reached XP level 2. HP: 24/27 MP: 1/1
   752 | D:2      | Reached XP level 3. HP: 32/33 MP: 2/2
   883 | D:2      | Found a faded altar of an unknown god.
   915 | D:2      | Identified the +1 hand axe of Beogh's Inspiration {flame,
                  | rF++}
  1229 | D:3      | Found the amulet of Elemental Vulnerability {rPois rF--
                  | rC-- AC+8}
  1309 | D:3      | Reached XP level 4. HP: 40/40 MP: 3/3
  1446 | D:3      | Reached skill level 1 in Throwing
  1446 | D:3      | Reached skill level 1 in Evocations
  1446 | D:3      | Reached XP level 5. HP: 36/47 MP: 4/4
  1888 | D:3      | Found a sparkling altar of Nemelex Xobeh.
  2078 | D:4      | Found a sand-covered staircase.
  2100 | Ossuary  | Entered an ossuary
  2129 | Ossuary  | Reached XP level 6. HP: 53/53 MP: 5/5
  2263 | D:4      | Reached skill level 5 in Axes
  2553 | D:4      | Found a large runed translucent door.
  2553 | D:4      | Found a large runed translucent door.
  2569 | D:4      | Found a large runed translucent door.
  2569 | D:4      | Found a large runed translucent door.
  2653 | D:4      | Reached skill level 5 in Armour
  2666 | D:4      | Got the Compilation of Bad Luck and Haze
  2720 | D:4      | Reached skill level 5 in Fighting
  2997 | D:4      | Reached skill level 5 in Shields
  3007 | D:4      | Reached XP level 7. HP: 50/61 MP: 6/6
  3306 | D:5      | Entered Level 5 of the Dungeon
  3315 | D:5      | Found an ornate altar of the Wu Jian Council.
  3318 | D:5      | Noticed Menkaure
  3328 | D:5      | Killed from afar by an orc priest

Illustrated notes

Levels and vault maps discovered:
D:1:      kennysheep_arrival_seaside, layout_rooms, minmay_distorted
D:2:      layout_rooms, shapermc_ecumenical_altar_gd, nrook_uturn
D:3:      layout_basic, nemelex_altar_shiori, minivault_27, saegor_snake_ambush
D:4:      layout_loops_ring, nicolae_ossuary_entry_false_entrances,
          minmay_hollow_rounded_squares
D:5:      layout_loops_ring, elyvilon_altar_3, nicolae_wu_jian_wuxing_cycle,
          kiku_gazebo_pond_becter, minmay_temple_entry_glassed_door,
          portal_sewer_entry_f, serial_bayou_ford_a, st_stairs_12,
          kennysheep_generic_room_15, uniq_menkaure

Skill      XL: |  1  2  3  4  5  6 |
---------------+-------------------+-----
Axes           | 3 4 5 |  5.5
Fighting       | 4 5 |  5.1
Armour         | 4 5 |  5.1
Shields        | 4 5 |  5.1
Throwing       | 1 2 |  2.2
Evocations     | 1 2 |  2.1

Action                     |  1- 3 |  4- 6 |  7- 9 || total
---------------------------+-------+-------+-------++-------
  Melee: War axe           |    96 |   153 |    14 ||   263
         Headbutt          |     7 |    25 |     2 ||    34
 Armour: Scale mail        |    61 |    88 |     2 ||   151
         Plate armour      |       |       |    16 ||    16
  Dodge: Dodged            |    54 |    59 |     9 ||   122
  Block: Buckler           |    27 |    26 |     2 ||    55
